 Dungeon Crawl Stone Soup version 0.30-a0-723-gc1506a1cf0 (webtiles) character file.

Game seed: 13158791673053166606

113 browni3141 the Ruffian (level 4, -3/45 HPs)
             Began as a Troll Berserker on Jan 28, 2023.
             Was a Priest of Trog.
             Slain by a kobold
             ... wielding a +0 whip
              (5 damage)
             ... on level 3 of the Dungeon.
             The game lasted 00:01:59 (1822 turns).

browni3141 the Ruffian (Troll Berserker)            Turns: 1822, Time: 00:01:59

Health: -3/45      AC:  4    Str: 25    XL:     4   Next: 65%
Magic:  3/3        EV: 10    Int:  3    God:    Trog [***...]
Gold:   105        SH:  0    Dex:  9    Spells: 3/3 levels left

rFire   + . .      SeeInvis .      - Unarmed
rCold   . . .      Faith    .    (no shield)
rNeg    . . .      Spirit   .    a - +0 animal skin
rPois   .          Reflect  .    (helmet restricted)
rElec   .          Harm     .    (no cloak)
rCorr   .          Rampage  .    (gloves unavailable)
Will    .....                    (boots unavailable)
Stlth   +                        (no amulet)
HPRegen 1.07/turn                f - ring of protection from fire
MPRegen 0.08/turn                (no ring)

@: lethally poisoned (-3 -> -13), on berserk cooldown, slowed, very slow
A: large, unfitting armour, claws 3, regeneration 1, shaggy fur 1, tough skin 1,
weak 1
a: Renounce Religion, Berserk, Trog's Hand


You were on level 3 of the Dungeon.
You worshipped Trog.
Trog was most pleased with you.
You visited 1 branch of the dungeon, and saw 3 of its levels.

You collected 105 gold pieces.

Inventory:

Missiles
 d - 6 poisoned darts (quivered)
Armour
 a - a +0 animal skin (worn)
Jewellery
 f - a ring of protection from fire (left claw)
 i - a ring of protection from cold
Wands
 k - a wand of flame (20)
Potions
 b - a potion of lignification {unknown}
 c - a potion of haste {unknown}
 e - 2 potions of resistance {unknown}
 g - 2 potions of mutation
 h - 2 potions of curing {unknown}
 j - a potion of degeneration {unknown}


   Skills:
 + Level 3.0 Fighting
 - Level 2.4 Dodging
 - Level 1.0 Stealth
 * Level 4.5 Unarmed Combat


You had 3 spell levels left.
You didn't know any spells.
Your spell library was empty.

Dungeon Overview and Level Annotations

Branches:
Dungeon (3/15)

Altars:
Gozag
Kikubaaqudgha

Shops:
D:3 *

Annotations:
D:3 Robin


Innate Abilities, Weirdness & Mutations

You are too large for most types of armour.
You have claws for hands.
Your natural rate of healing is unusually fast.
You are covered in fur. (AC +1)
You have tough skin. (AC +1)
You are weak. (Str -2)


Message History

The hobgoblin hits you but does no damage.
The goblin hits you with a +0 dagger.
The goblin hits you with a +1 dagger of venom.
You are more poisoned.
The goblin hits you but does no damage.
You claw the goblin!
You kill the goblin!
Trog accepts your kill.
You feel sick.
You claw the goblin!
You kill the goblin!
Trog accepts your kill.
You feel sick.
The goblin hits you with a +1 dagger of venom.
You are more poisoned.
The hobgoblin closely misses you.
You are too injured to fight recklessly!
You are too injured to fight recklessly!
You are too injured to fight recklessly!
You are too injured to fight recklessly!
You barely miss the goblin.
You are no longer berserk.
You are exhausted.
You feel yourself slow down.
You feel very sick.
Unknown command.
It was a potion of mutation.
You feel extremely strange.
You feel weaker.
You feel extremely sick. Robin throws the goblin at you!
* * * LOW HITPOINT WARNING * * *
The hobgoblin hits you.
* * * LOW HITPOINT WARNING * * *
The goblin hits you but does no damage. x2
You are more poisoned.
The frilled lizard misses you. The kobold hits you but does no damage.
The hobgoblin barely misses you. The hobgoblin hits you.
* * * LOW HITPOINT WARNING * * *
The kobold hits you with a +0 whip.
You die...

#..#.###########.
#..#.########.... .
#.............### ..
#.....(.......# # ...
#.............### #...
###................
#....#.#.............##.
#.....l#g.###........##.
.....gK@..# #........##.
###...ggg.# #........##.
......g#### #........##.
....... #........###
....... ######...#
....... #...# .##....
#...# #....


You could see Robin, 3 hobgoblins, 2 goblins, a kobold and a frilled lizard.

Vanquished Creatures
  Jessica (D:3)
  A hound skeleton (D:3)
  An adder (D:3)
  A worm (D:2)
  5 endoplasms
  6 giant cockroaches
  12 goblins
  5 hobgoblins
  4 jackals (D:1)
  2 kobolds
  2 quokkas
  3 ball pythons
  A bat (D:1)
  6 frilled lizards
  A quokka skeleton (D:3)
  6 rats
57 creatures vanquished.

Vanquished Creatures (others)
  2 fungi (D:1)
2 creatures vanquished.

Grand Total: 59 creatures vanquished

Notes
Turn   | Place    | Note
-------+----------+-------------------------------------------
     0 | D:1      | browni3141 the Troll Berserker began the quest for the Orb.
     0 | D:1      | Reached XP level 1. HP: 22/22 MP: 0/0
   105 | D:1      | Reached skill level 1 in Stealth
   105 | D:1      | Reached XP level 2. HP: 29/29 MP: 1/1
   265 | D:1      | Reached ** piety under Trog
   322 | D:1      | Reached XP level 3. HP: 36/36 MP: 2/2
   357 | D:1      | Found a faded altar of an unknown god.
   876 | D:2      | Identified the +9 falchion "Orb Guardian's Foe" {holy,
                  | rPois rC+++ Dex-4 Stlth-}
  1537 | D:3      | Reached skill level 4 in Unarmed Combat
  1579 | D:3      | Found an ancient bone altar of Kikubaaqudgha.
  1593 | D:3      | Found an opulent altar of Gozag.
  1596 | D:3      | Found Gozag's Platinum Reserve.
  1686 | D:3      | Reached XP level 4. HP: 42/44 MP: 3/3
  1763 | D:3      | Noticed Jessica
  1769 | D:3      | Killed Jessica
  1769 | D:3      | Reached *** piety under Trog
  1802 | D:3      | Noticed Robin
  1822 | D:3      | Gained mutation: You are weak. (Str -2) [potion of
                  | mutation]
  1822 | D:3      | HP: 2/45 [hobgoblin[Robin] (3)]
  1822 | D:3      | Slain by a kobold

Illustrated notes

Levels and vault maps discovered:
D:1:      sevenhm_arrival_forest_fort_small_3, layout_basic,
          shapermc_ecumenical_altar_rom_forum, minmay_misc_feat_rows
D:2:      layout_basic, minmay_misc_feat_x, grunt_ministairs_8, minivault_26
D:3:      layout_basic, nicolae_gozag_zags_fifth_avenue,
          mainiacjoe_overflow_concentric_impassable, serial_undead,
          serial_undead_f, serial_undead_b, serial_undead_c, serial_undead_c,
          uniq_robin, uniq_jessica

Skill      XL: |  1  2  3  4 |
---------------+-------------+-----
Stealth        | 1 |  1.0
Unarmed Combat | 4 |  4.5
Fighting       | 3 |  3.0
Dodging        | |  2.4

Action                     |  1- 3 |  4- 6 || total
---------------------------+-------+-------++-------
  Melee: Unarmed           |   105 |    20 ||   125
         Punch             |     1 |       ||     1
  Throw: Dart              |       |     3 ||     3
 Invoke: Berserk           |       |     1 ||     1
    Use: Potion            |       |     1 ||     1
   Stab: Sleeping          |     2 |       ||     2
 Armour: Animal skin       |    27 |    11 ||    38
  Dodge: Dodged            |    52 |    28 ||    80

Table legend: (Time is in decaauts)
 A = Elapsed time spent in this place.
 B = Non-inter-level travel time spent in this place.
 C = Inter-level travel time spent in this place.
 D = Time resting spent in this place.
 E = Time spent auto-exploring this place.
 F = Levels seen in this place.
 G = Mean time per level.
                   A        B        C        D        E       F      G
               +--------+--------+--------+--------+--------+-----+--------+
         Total |   1808 |   1766 |     42 |      0 |   1440 |   3 |  602.7 |
       Dungeon |   1808 |   1766 |     42 |      0 |   1440 |   3 |  602.7 |
               +--------+--------+--------+--------+--------+-----+--------+

Top non-repeatable levels by time:
     D:2: 829 daAuts
     D:1: 691 daAuts
     D:3: 287 daAuts
